 Dungeon Crawl Stone Soup version 0.21.1-1-g345015f (webtiles) character file.

1367 prawnwizard the Cleaver (level 8, 0/100 HPs)
             Began as a Minotaur Berserker on July 4, 2018.
             Was an Elder of Trog.
             Slain by an orc
             ... wielding a +0 trident
              (5 damage)
             ... on level 6 of the Dungeon.
             The game lasted 00:05:56 (4284 turns).

prawnwizard the Cleaver (Minotaur Berserker)        Turns: 4284, Time: 00:05:56

Health: 0/100      AC:  4    Str: 29    XL:     8   Next: 38%
Magic:  7/7        EV: 11    Int:  4    God:    Trog [****..]
Gold:   183        SH:  0    Dex: 10    Spells: 7/7 levels left

rFire    . . .     SeeInvis .   a - +0 hand axe
rCold    . . .     Gourm    .   (no shield)
rNeg     . . .     Faith    .   i - +0 chain mail
rPois    .         Spirit   .   r - +2 hat
rElec    .         Reflect  .   l - scarf {cloud immunity}
rCorr    .         Harm     .   (no gloves)
MR       .....                  (no boots)
Stlth    ..........             (no amulet)
HPRegen  0.26/turn              (no ring)
MPRegen  0.10/turn              (no ring)

@: berserking, lethally poisoned (0 -> -1), corroded, drained, very quick
A: retaliatory headbutt, horns 2
a: Berserk, Trog's Hand, Brothers in Arms, Burn Spellbooks, Renounce Religion


You were on level 6 of the Dungeon.
You worshipped Trog.
Trog was greatly pleased with you.
You were near starving.

You visited 1 branch of the dungeon, and saw 6 of its levels.

You collected 183 gold pieces.

Inventory:

Hand Weapons
 a - a +0 hand axe (weapon)
Armour
 i - a +0 chain mail (worn)
 l - a scarf of cloud immunity (worn)
 r - a +2 hat (worn)
Jewellery
 p - an uncursed ring of stealth {unknown}
 q - an uncursed ring of protection from magic {unknown}
Wands
 n - a wand of digging (7)
Scrolls
 b - a scroll of amnesia {unknown}
 f - 8 scrolls of identify
 g - 4 scrolls of remove curse
 m - 3 scrolls of teleportation {unknown}
 s - a scroll of enchant weapon {unknown}
 t - 2 scrolls of brand weapon {unknown}
 u - a scroll of noise {unknown}
Potions
 d - a potion of might {unknown}
 e - 2 potions of curing {unknown}
 h - a potion of degeneration {unknown}
 j - 3 potions of brilliance
 k - a potion of magic {unknown}
 o - 2 potions of lignification {unknown}
Comestibles
 c - 6 rations


   Skills:
 + Level 4.5(4.1) Fighting
 * Level 9.3(8.9) Axes
 + Level 6.4(6.0) Armour
 + Level 5.8(5.5) Dodging


You had 7 spell levels left.
You didn't know any spells.

Dungeon Overview and Level Annotations

Branches:
Dungeon (6/15)
 Temple: D:4-7

Altars:
Dithmenos
Nemelex Xobeh
Trog
Wu Jian
Xom


Innate Abilities, Weirdness & Mutations

You reflexively headbutt those who attack you in melee.
You have a pair of horns on your head.


Message History

The wight is severely damaged.
Unknown command.
You hit the wight.
You destroy the wight!
Trog accepts your kill.
You closely miss the wight.
The orc hits you from afar with a trident.
* * * LOW HITPOINT WARNING * * *
The wight hits you with a morningstar.
* * * LOW HITPOINT WARNING * * *
You barely miss the orc.
You kill the orc!
Trog accepts your kill.
You closely miss the wight.
The wight hits you from afar with a trident!
* * * LOW HITPOINT WARNING * * *
You feel drained.
* * * LOW HITPOINT WARNING * * *
The orc hits you from afar with a trident.
You die...

... .# ..## ##.#
####...### #....
.........##..[..
....$....#......
.........#......
....<....zo.....
........†).z....
........@#zo....
........<# .....
.........# ....
.........# ...
.........# ..
########## .


You could see 2 wights and an orc.

Vanquished Creatures
  The ghost of Wriath the Caller, an amateur HOSu of Beogh (D:4)
  Grinder (D:3)
  An orc warrior (D:6)
  3 ogres
  A scorpion (D:4)
  A wight (D:6)
  A hound (D:5)
  A jelly (D:6)
  An orc wizard (D:5)
  A centaur skeleton (D:4)
  An iguana (D:6)
  Jessica (D:2)
  4 worker ants
  Robin (D:2)
  10 adders
  3 gnolls (D:2)
  An adder zombie (D:5)
  An adder skeleton (D:4)
  2 worms
  3 dart slugs
  5 leopard geckos
  13 orcs
  2 ball pythons
  5 bats
  4 giant cockroaches
  8 hobgoblins
  25 jackals
  A quokka (D:5)
  3 frilled lizards
  17 goblins
  4 kobolds
  A leopard gecko skeleton (D:6)
  A quokka skeleton (D:4)
  3 rats
131 creatures vanquished.

Notes
Turn   | Place    | Note
-------+----------+-------------------------------------------
     0 | D:1      | prawnwizard the Minotaur Berserker began the quest for the Orb.
     0 | D:1      | Reached XP level 1. HP: 19/19 MP: 0/0
    77 | D:1      | Reached skill level 4 in Axes
    77 | D:1      | Reached XP level 2. HP: 23/27 MP: 1/1
   728 | D:2      | Reached XP level 3. HP: 33/33 MP: 2/2
   773 | D:2      | Noticed Robin
   773 | D:2      | Reached ** piety under Trog
   785 | D:2      | Killed Robin
   803 | D:2      | Found a sparkling altar of Nemelex Xobeh.
   862 | D:2      | Reached XP level 4. HP: 29/40 MP: 3/3
   865 | D:2      | Reached skill level 5 in Axes
   935 | D:2      | Noticed Jessica
   954 | D:2      | Found a shimmering altar of Xom.
   955 | D:2      | Killed Jessica
  1206 | D:3      | Reached XP level 5. HP: 39/46 MP: 4/4
  1266 | D:3      | Reached *** piety under Trog
  1348 | D:3      | Found a sparkling altar of Nemelex Xobeh.
  1554 | D:3      | Noticed Grinder
  1559 | D:3      | Paralysed by Grinder for 4 turns
  1574 | D:3      | Killed Grinder
  1574 | D:3      | Reached skill level 6 in Axes
  1574 | D:3      | Reached XP level 6. HP: 41/52 MP: 5/5
  2199 | D:4      | Reached skill level 7 in Axes
  2440 | D:4      | Reached XP level 7. HP: 38/59 MP: 6/6
  2805 | D:4      | Reached skill level 5 in Armour
  2838 | D:4      | Noticed Wriath's ghost (amateur HOSu)
  2855 | D:4      | Killed Wriath's ghost
  2855 | D:4      | Reached skill level 8 in Axes
  2855 | D:4      | Reached skill level 5 in Dodging
  3159 | D:5      | Entered Level 5 of the Dungeon
  3335 | D:5      | Reached **** piety under Trog
  3335 | D:5      | Reached XP level 8. HP: 57/66 MP: 7/7
  3642 | D:5      | Found an ornate altar of the Wu Jian Council.
  3725 | D:5      | Reached skill level 9 in Axes
  3883 | D:5      | Found a bloodstained altar of Trog.
  4089 | D:5      | Found a shadowy altar of Dithmenos.
  4283 | D:6      | HP: 5/100 [wight/trident (2)]
  4284 | D:6      | Slain by an orc

Skill      XL: |  1  2  3  4  5  6  7  8 |
---------------+-------------------------+-----
Axes           | 4 5 6 7 8 9 |  9.3
Fighting       | 4 |  4.5
Armour         | 3 4 5 6 |  6.4
Dodging        | 3 4 5 |  5.8

Action                   |  1- 3 |  4- 6 |  7- 9 || total
-------------------------+-------+-------+-------++-------
Melee: Hand axe          |    76 |   152 |   140 ||   368
       Headbutt          |     8 |    34 |    24 ||    66
Invok: Trog's Hand       |       |     1 |       ||     1
       Berserk           |       |       |     2 ||     2
  Use: Scroll            |       |     2 |       ||     2
  Eat: Chunk             |       |     5 |     3 ||     8
       Ration            |       |       |     1 ||     1
Armor: Animal skin       |     7 |       |       ||     7
       Chain mail        |    23 |    65 |    53 ||   141
Dodge: Dodged            |    51 |    68 |    69 ||   188
